 Dungeon Crawl Stone Soup version 0.23.2-1-ga50397a (webtiles) character file.

Game seed: 7810925534153373839

280 gruber the Cudgeler (level 6, 0/37 HPs)
             Began as a Gargoyle Fighter on May 26, 2019.
             Slain by a river rat (5 damage)
             ... in a sewer.
             The game lasted 00:04:14 (2475 turns).

gruber the Cudgeler (Gargoyle Fighter)              Turns: 2475, Time: 00:04:15

Health: 0/37       AC: 11    Str: 27    XL:     6   Next: 27%
Magic:  6/6        EV:  7    Int:  8    God:
Gold:   199        SH:  9    Dex:  9    Spells: 5/5 levels left

rFire    . . .     SeeInvis .   a - +0 flail
rCold    . . .     Gourm    .   c - +0 shield
rNeg     + . .     Faith    .   b - +0 scale mail
rPois    ∞         Spirit   .   (no helmet)
rElec    +         Reflect  .   (no cloak)
rCorr    .         Harm     .   (no gloves)
MR       .....                  (no boots)
Stlth    ..........             (no amulet)
HPRegen  0.12/turn              (no ring)
MPRegen  0.10/turn              (no ring)

@: mighty, flying
A: negative energy resistance 1, electricity resistance, unbreathing,
petrification resistance, rot immunity, AC +4
a: no special abilities


You were in a sewer.
You were very hungry.

You visited 1 branch of the dungeon, and saw 3 of its levels.
You also visited: Sewer.

You collected 199 gold pieces.

Inventory:

Hand Weapons
 a - a +0 flail (weapon)
Missiles
 o - 2 throwing nets (quivered)
Armour
 b - a +0 scale mail (worn)
 c - a +0 shield (worn)
Jewellery
 p - an uncursed amulet of the acrobat {unknown}
 u - an uncursed amulet of the gourmand {unknown}
Wands
 q - a wand of enslavement (4)
Scrolls
 e - 2 scrolls of identify {unknown}
 g - 2 scrolls of immolation {unknown}
 h - a scroll of fear {unknown}
 l - 2 scrolls of noise {unknown}
 n - a scroll of teleportation {unknown}
 r - a scroll of enchant armour {unknown}
 t - 2 scrolls of magic mapping {unknown}
Potions
 i - a potion of flight
 j - 2 potions of invisibility {unknown}
 k - 2 potions of mutation {unknown}
 m - a potion of haste {unknown}
 s - a potion of heal wounds {unknown}
 v - a potion of curing {unknown}
Comestibles
 f - 5 rations


   Skills:
 - Level 3.2 Fighting
 + Level 6.4 Maces & Flails
 - Level 3.2 Armour
 - Level 3.2 Shields


You had 5 spell levels left.
You didn't know any spells.
Your spell library was empty.

Dungeon Overview and Level Annotations

Branches:
Dungeon (3/15)

Altars:


Innate Abilities, Weirdness & Mutations

You are resistant to torment.
Your stone body is resilient. (AC +4)
You are immune to poison.
You resist negative energy. (rN+)
You are resistant to electric shocks. (rElec)
You can survive without breathing.
You are immune to petrification.
You are immune to rotting.


Message History

You miss the adder.
The adder is heavily wounded.
The adder closely misses you. The rat barely misses you.
You block the rat's attack. x2
The river rat bites you but does no damage.
The adder bites you but does no damage.
You sock the adder!
You kill the adder!
You block the rat's attack. The rat bites you but does no damage.
The river rat barely misses you. The rat bites you.
* * * LOW HITPOINT WARNING * * *
The rat bites you but does no damage. You block the rat's attack.
The river rat bites you.
* * * LOW HITPOINT WARNING * * *
The rat bites you but does no damage.
It was a potion of flight.
You feel very buoyant.
You fly up into the air.
You block the rat's attack. The rat bites you but does no damage.
The river rat bites you.
You die...

####### ###r....##
..####.rrr....####. .....
.......r@###....... .....
#......r###.†......
.....####........##.....##.
......##..........r....##
≈≈≈≈≈≈≈.........≈S.≈≈.##
≈≈≈≈≈≈..≈..≈≈.≈..≈≈≈≈≈≈≈≈≈≈≈≈≈≈≈≈
≈≈≈≈≈≈≈≈≈≈≈≈≈≈≈≈≈≈≈≈≈≈≈≈≈≈≈≈≈≈≈≈≈
≈≈≈≈≈≈≈≈≈≈≈≈≈≈≈≈≈≈≈≈≈≈≈≈≈≈≈≈≈≈≈≈≈
≈≈≈≈≈≈≈≈≈.≈....≈≈≈≈≈≈≈≈≈≈≈≈≈≈≈≈≈≈


You could see 2 river rats and 4 rats.

Vanquished Creatures
  A hound (D:3)
  8 adders
  5 gnolls
  4 river rats (Sewer)
  A worm (D:2)
  A dart slug (D:1)
  A leopard gecko (D:3)
  5 giant cockroaches
  11 goblins
  5 hobgoblins
  7 jackals
  A quokka (D:3)
  4 ball pythons
  11 bats
  4 frilled lizards (D:1)
  11 kobolds
  23 rats
103 creatures vanquished.

Notes
Turn   | Place    | Note
-------+----------+-------------------------------------------
     0 | D:1      | gruber the Gargoyle Fighter began the quest for the Orb.
     0 | D:1      | Reached XP level 1. HP: 14/14 MP: 1/1
   158 | D:1      | Reached XP level 2. HP: 17/19 MP: 2/2
   262 | D:1      | Reached skill level 3 in Maces & Flails
   424 | D:1      | Reached XP level 3. HP: 1/23 MP: 3/3
  1322 | D:2      | Reached skill level 4 in Maces & Flails
  1355 | D:2      | Reached XP level 4. HP: 25/28 MP: 4/4
  1798 | D:2      | Reached skill level 5 in Maces & Flails
  1861 | D:2      | Reached XP level 5. HP: 28/32 MP: 5/5
  2226 | D:3      | Found a glowing drain.
  2230 | Sewer    | Entered a sewer
  2309 | Sewer    | Reached skill level 6 in Maces & Flails
  2336 | Sewer    | Reached XP level 6. HP: 36/37 MP: 6/6
  2475 | Sewer    | Slain by a river rat

Skill      XL: |  1  2  3  4  5 |
---------------+----------------+-----
Maces & Flails | 3 4 5 6 |  6.4
Fighting       | |  3.2
Armour         | |  3.2
Shields        | |  3.2

Action                   |  1- 3 |  4- 6 || total
-------------------------+-------+-------++-------
Melee: Flail             |   146 |   262 ||   408
  Use: Potion            |       |     2 ||     2
  Eat: Chunk             |     2 |     3 ||     5
Armor: Scale mail        |    85 |   157 ||   242
Dodge: Dodged            |    48 |   119 ||   167
Block: Shield            |    77 |   142 ||   219
